 Dungeon Crawl Stone Soup version 0.17.0-24-gcfadda4 (console) character file.

885 Kloppie the Gusty (level 7, -1/45 HPs)
             Began as a High Elf Air Elementalist on Nov 15, 2015.
             Was an Initiate of Vehumet.
             Slain by an ogre
             ... wielding a +0 giant club
              (24 damage)
             ... on level 6 of the Dungeon.
             The game lasted 00:14:25 (6179 turns).

Kloppie the Gusty (High Elf Air Elementalist)       Turns: 6179, Time: 00:14:25

Health: -1/45      AC:  4    Str:  7    XL:     7   Next: 76%
Magic:  7/14       EV: 13    Int: 20    God:    Vehumet [......]
Gold:   154        SH:  0    Dex: 17    Spells: 5 memorised, 1 level left

rFire  . . .     SeeInvis .     l - +2 short sword (elec)
rCold  . . .     Clarity  .     a - +1 robe
rNeg   . . .     SustAt   .     (no shield)
rPois  .         Gourm    .     (no helmet)
rElec  .         Spirit   .     C - +0 cloak
rCorr  .         Warding  .     (no gloves)
rMut   .         Stasis   .     (no boots)
MR     .....                    (no amulet)
Stlth  ++........               (no ring)
                                (no ring)

@: not resistant to hostile enchantments, unstealthy
A: no striking features
a: Renounce Religion


You were on level 6 of the Dungeon.
You worshipped Vehumet.
Vehumet was noncommittal.
You were not hungry.

You visited 1 branch of the dungeon, and saw 6 of its levels.

You collected 154 gold pieces.

Inventory:

Hand Weapons
 l - a +2 short sword of electrocution (weapon)
 q - a +0 falchion
 A - a +0 long sword of holy wrath
Armour
 a - a +1 robe (worn)
 C - a +0 cloak (worn)
Magical Staves
 D - an uncursed staff of poison
Jewellery
 k - an uncursed ring of teleportation
 r - an uncursed ring of stealth {unknown}
Wands
 n - a wand of frost (0)
 x - a wand of hasting (2)
Scrolls
 e - a scroll of magic mapping
 f - 2 scrolls of fog
 h - 4 scrolls of identify
 i - a scroll of fear
 p - a scroll of recharging {unknown}
 u - a scroll of enchant weapon
 v - a scroll of amnesia {unknown}
 y - a scroll of noise {unknown}
Potions
 g - a potion of ambrosia
 m - 2 potions of might {unknown}
 o - 3 potions of curing
 t - a potion of degeneration {unknown}
 w - a potion of heal wounds {unknown}
 z - a potion of agility {unknown}
Books
 b - a book of Air

   Spells                             Type                      Level
   a - Shock                          Conjuration/Air              1
   b - Swiftness                      Charms/Air                   2
   c - Repel Missiles                 Charms/Air                   2
   d - Static Discharge               Conjuration/Air              3
   e - Lightning Bolt                 Conjuration/Air              5
Comestibles
 c - 3 bread rations
 d - a chunk of flesh
 j - 4 slices of pizza
 s - 3 meat rations


   Skills:
 + Level 2.2 Fighting
 - Level 2.1 Dodging
 - Level 2.1 Stealth
 - Level 4.2 Spellcasting
 + Level 5.7 Conjurations
 - Level 2.3 Charms
 + Level 7.3 Air Magic


You had one spell level left.
You knew the following spells:

 Your Spells              Type           Power        Failure   Level  Hunger
a - Shock                 Conj/Air       ####         1%          1    None
b - Swiftness             Chrm/Air       ###.....     2%          2    #......
c - Static Discharge      Conj/Air       ####....     2%          3    ###....
d - Repel Missiles        Chrm/Air       ###...       2%          2    #......
e - Lightning Bolt        Conj/Air       ####......   24%         5    ######.


Dungeon Overview and Level Annotations

Branches:
Dungeon (6/15)
 Temple: D:4-7

Altars:
Dithmenos
Makhleb
Nemelex Xobeh
Okawaru
Trog
Vehumet
Xom
Zin

Annotations:
D:3 Kloppie's ghost, amateur HEAE


Message History

Aim: an ogre, wielding a giant club (heavily wounded)
The zap hits the ogre.
The ogre is severely wounded.
The orc barely misses you.
Casting: Shock
Confirm with . or Enter, or press ? or * to list all spells.
Aiming: Shock
Press: ? - help, Shift-Dir - straight line, f/p - ogre
Aim: an ogre, wielding a giant club (severely wounded)
The zap misses the ogre.
The ogre misses you.
Casting: Shock
Confirm with . or Enter, or press ? or * to list all spells.
Aiming: Shock
Press: ? - help, Shift-Dir - straight line, f/p - ogre
Aim: an ogre, wielding a giant club (severely wounded)
The zap hits the ogre.
The ogre is severely wounded.
The orc completely misses you. The ogre hits you with a giant club!!
Ouch! That really hurt!
You die...

#.............##....##...#
#........................+
+........................#
#.......(................#
#.............###########
......
#....##.......#.........
......
#....##.......#.........
......
#....##.......#..o...>..
(....
#....##.>.....#.@O......
..... #...
#....>...#......... ####
#........#.........
#........#.........
###.^....#.........
#############.... .... ...


You could see an ogre and an orc.

Vanquished Creatures
  An ice beast (D:5)
  An ogre (D:4)
  2 phantoms
  A giant frog (D:6)
  A scorpion (D:4)
  A crimson imp (D:5)
  A centaur zombie (D:5)
  Crazy Yiuf (D:6)
  An orc priest (D:3)
  2 hounds (D:4)
  A centaur skeleton (D:4)
  2 worker ants (D:4)
  3 gnolls (D:5)
  7 adders
  A shadow imp (D:5)
  An adder skeleton (D:4)
  3 worms
  4 giant geckos
  7 orcs
  A ball python (D:2)
  9 bats
  9 goblins
  9 hobgoblins
  15 jackals
  A quokka (D:4)
  2 giant cockroaches (D:2)
  5 giant newts
  A jackal skeleton (D:4)
  4 kobolds
  A quokka skeleton (D:5)
  9 rats
107 creatures vanquished.

Notes
Turn   | Place    | Note
--------------------------------------------------------------
     0 | D:1      | Kloppie the High Elf Air Elementalist began the quest for the Orb.
     0 | D:1      | Reached XP level 1. HP: 11/11 MP: 4/4
   502 | D:1      | Reached skill level 4 in Air Magic
   543 | D:1      | Reached XP level 2. HP: 15/17 MP: 4/6
   552 | D:1      | Learned a level 2 spell: Swiftness
  1349 | D:2      | Found a sparkling altar of Nemelex Xobeh.
  1357 | D:2      | Reached skill level 1 in Charms
  1357 | D:2      | Reached XP level 3. HP: 21/21 MP: 4/7
  1886 | D:2      | Learned a level 3 spell: Static Discharge
  1912 | D:2      | Reached skill level 5 in Air Magic
  1912 | D:2      | Reached XP level 4. HP: 27/27 MP: 5/8
  1969 | D:2      | Found a shadowy altar of Dithmenos.
  2138 | D:2      | Found a glowing silver altar of Zin.
  2711 | D:3      | Found a bloodstained altar of Trog.
  2711 | D:3      | Found an iron altar of Okawaru.
  2775 | D:3      | Reached XP level 5. HP: 14/31 MP: 1/9
  2930 | D:3      | Learned a level 2 spell: Repel Missiles
  2944 | D:3      | Noticed Kloppie's ghost (amateur HEAE)
  3232 | D:4      | Reached XP level 6. HP: 4/36 MP: 3/11
  3423 | D:4      | Reached skill level 6 in Air Magic
  3592 | D:4      | Noticed an ogre
  3600 | D:4      | Killed an ogre
  3981 | D:4      | Found a shimmering altar of Xom.
  4202 | D:5      | Entered Level 5 of the Dungeon
  4261 | D:5      | Reached XP level 7. HP: 7/41 MP: 5/14
  4285 | D:5      | Learned a level 5 spell: Lightning Bolt
  4605 | D:5      | Reached skill level 1 in Fighting
  4605 | D:5      | Reached skill level 5 in Conjurations
  5399 | D:5      | Found a radiant altar of Vehumet.
  5401 | D:5      | Found a burning altar of Makhleb.
  5404 | D:5      | Reached skill level 7 in Air Magic
  5414 | D:5      | Became a worshipper of Vehumet
  5729 | D:6      | Noticed Crazy Yiuf
  5734 | D:6      | Killed Crazy Yiuf
  6179 | D:6      | Slain by an ogre

Action                   |  1- 3 |  4- 6 |  7- 9 || total
-------------------------+-------+-------+-------++-------
Melee: Unarmed           |    15 |       |       ||    15
       Club              |    10 |     9 |       ||    19
       Short sword       |       |    30 |    15 ||    45
 Cast: Shock             |    84 |   106 |    61 ||   251
  Use: Potion            |     2 |     1 |       ||     3
       Scroll            |       |     9 |       ||     9
 Stab: Sleeping          |       |       |     3 ||     3
  Eat: Chunk             |     3 |     8 |     6 ||    17
